Map: Thunderbird LE

Players

pHARM - Winner!

  • Race: Zerg Zerg
  • League: Platinum
  • Spawn Location: 5:00

Thunderga

  • Race: Protoss Protoss
  • League: Platinum
  • Spawn Location: 11:00

VOD

Have the link to the VOD?

Description

Time

  • Played on: Aug. 31, 2019, 9:32 p.m.
  • Length: 30:08
Show
View Real Time Build Order
Export as new Build Order

pHARM Zerg - Winner!

Build Orders: Pool First 

Get SALT Encoding   

  12  0:01  Drone  
  13  0:12  Overlord  
  13  0:24  Drone  
  14  0:32  Drone x2  
  16  0:58  Spawning Pool, Drone x3  
  18  1:16  Extractor  
  18  1:18  Drone  
  18  1:23  Hatchery  
  17  1:29  Drone  
  18  1:45  Drone x2  
  20  1:50  Queen  
  22  2:10  Overlord  
  22  2:32  Queen  
  22  2:33  Metabolic Boost, Hatchery  
  22  2:36  Zergling x2  
  24  2:43  Drone x2  
  26  2:46  Queen  
  26  2:50  Drone  
  30  2:58  Drone x2  
  31  3:28  Drone x5  
  36  3:51  Drone x4  
  42  3:58  Drone  
  42  3:59  Drone  
  42  4:00  Overlord  
  42  4:11  Lair  
  42  4:18  Roach Warren  
  42  4:21  Evolution Chamber  
  42  4:22  Evolution Chamber  
  42  4:23  Drone x3  
  42  4:26  Overlord x2  
  42  4:27  Drone  
  42  4:28  Drone x2  
  42  4:30  Extractor  
  44  4:31  Extractor  
  43  4:46  Overlord x2  
  43  4:48  Zerg Ground Armor Level 1, Zerg Missile Weapons Level 1  
  43  4:58  Drone x6  
  49  5:01  Pneumatized Carapace  
  49  5:17  Roach  
  49  5:18  Roach x4  
  59  5:28  Roach x3  
  65  5:29  Overlord  
  65  5:30  Overlord  
  65  6:09  Drone  
  65  6:10  Infestation Pit  
  65  6:12  Roach x8  
  81  6:29  Drone  
  81  6:30  Overlord  
  81  6:31  Overlord x3  
  82  6:32  Hydralisk Den  
  81  6:51  Spore Crawler, Drone  
  81  6:54  Spore Crawler  
  81  6:57  Spore Crawler, Drone  
  81  6:59  Drone  
  81  7:02  Grooved Spines  
  81  7:26  Hydralisk x5  
  81  7:27  Hydralisk x2  
  81  7:29  Drone x11  
  106  7:30  Overlord  
  106  7:31  Overlord x6  
  106  7:37  Glial Reconstitution, Extractor  
  105  7:57  Overseer x3  
  105  8:14  Muscular Augments  
  105  8:18  Hive  
  105  8:26  Drone x3  
  105  8:27  Extractor, Drone x14  
  115  8:29  Extractor  
  120  8:43  Hatchery  
  119  9:20  Roach x4  
  119  9:21  Roach x9  
  119  9:22  Overlord x2  
  145  9:25  Extractor  
  145  9:27  Zerg Missile Weapons Level 2  
  145  9:28  Zerg Ground Armor Level 2  
  145  9:30  Extractor  
  143  9:32  Hatchery  
  142  9:41  Spire  
  141  9:58  Overlord x4  
  141  9:59  Overlord x5  
  141  10:39  Spire  
  140  10:52  Drone x5  
  140  10:53  Drone x5  
  140  10:54  Drone x2  
  140  10:55  Drone  
  153  11:16  Corruptor x11, Zerg Flyer Armor Level 1  
  175  11:58  Greater Spire  
  175  13:17  Extractor  
  174  13:20  Extractor  
  147  14:29  Roach x5  
  147  14:30  Roach x22  
  175  14:43  Zerg Missile Weapons Level 3  
  175  14:44  Zerg Ground Armor Level 3  
  141  14:59  Roach x3  
  122  15:00  Roach x5  
  122  15:03  Roach x3  
  93  15:08  Brood Lord  
  93  15:09  Brood Lord x10  
  103  15:18  Overseer x2  
  103  15:19  Overseer  
  91  15:37  Drone x3  
  91  15:38  Drone x4  
  98  16:04  Hatchery  
  92  16:16  Hatchery  
  91  16:22  Corruptor x3  
  73  17:23  Hatchery  
  62  18:29  Extractor  
  62  18:30  Drone  
  62  18:31  Drone x9  
  62  18:32  Extractor  
  62  18:33  Spine Crawler  
  69  18:36  Spore Crawler  
  68  19:13  Spine Crawler  
  67  19:22  Hatchery  
  66  20:05  Corruptor x5  
  70  20:52  Corruptor  
  70  20:53  Corruptor x2  
  67  21:08  Drone  
  67  21:09  Drone x3  
  71  21:23  Drone  
  71  21:24  Drone  
  71  21:46  Drone x2  
  71  21:47  Drone x5  
  77  22:17  Roach x8  
  93  22:35  Extractor  
  93  22:37  Spore Crawler  
  91  22:38  Drone  
  91  22:39  Drone x4  
  96  23:13  Roach x5  
  104  23:54  Roach x2  
  106  23:55  Overlord x2  
  106  23:56  Overlord x2  
  102  24:17  Roach x9  
  101  25:22  Brood Lord  
  101  25:23  Brood Lord x6  
  101  25:27  Drone x5  
  116  26:03  Hydralisk  
  116  26:04  Hydralisk  
  60  26:16  Hydralisk  
  32  26:38  Hydralisk  
  32  26:39  Hydralisk  
  36  26:48  Hydralisk  
  31  27:27  Hydralisk  
  33  28:05  Zergling x6  
  34  28:19  Spore Crawler x2  
  30  28:22  Drone  
  30  28:23  Spore Crawler  
  26  28:58  Drone x3  
  29  29:33  Hatchery  
Show
View Real Time Build Order
Export as new Build Order

Thunderga Protoss 

Build Orders: Phoenix Opening 

Get SALT Encoding   

  12  0:01  Probe  
  13  0:13  Probe  
  14  0:25  Pylon  
  14  0:28  Probe  
  15  0:43  Probe  
  15  0:47  Gateway  
  16  0:55  Pylon, Probe  
  17  1:06  Assimilator  
  17  1:11  Probe  
  17  1:14  Assimilator  
  18  1:23  Probe  
  19  1:35  Cybernetics Core, Probe  
  20  1:41  Pylon  
  20  1:47  Probe  
  21  2:00  Probe  
  22  2:07  Forge  
  22  2:12  Probe  
  23  2:17  Assimilator  
  23  2:24  Probe, Stalker  
  26  2:36  Probe  
  27  2:46  Nexus  
  27  2:48  Probe  
  28  3:00  Probe  
  28  3:03  Stargate  
  29  3:08  Photon Cannon  
  29  3:19  Pylon  
  29  3:23  Probe  
  30  3:35  Pylon, Probe  
  31  3:46  Phoenix  
  31  3:47  Probe, Twilight Council  
  34  3:57  Warp Gate  
  34  3:59  Probe x2  
  36  4:11  Probe  
  37  4:17  Twilight Council  
  37  4:21  Probe  
  37  4:23  Probe  
  39  4:32  Oracle  
  39  4:34  Probe, Protoss Ground Weapons Level 1  
  39  4:36  Probe  
  44  4:39  Pylon  
  44  4:46  Probe  
  44  4:47  Assimilator  
  44  4:48  Probe  
  44  4:50  Assimilator  
  46  4:56  Photon Cannon  
  46  4:57  Gateway  
  46  4:58  Probe  
  47  5:00  Probe  
  47  5:03  Gateway  
  48  5:07  Gateway  
  48  5:10  Gateway, Probe  
  48  5:12  Probe  
  50  5:22  Probe  
  50  5:23  Pylon  
  50  5:24  Probe  
  52  5:34  Probe  
  53  5:36  Dark Shrine, Probe  
  54  5:43  Nexus  
  54  5:46  Probe  
  54  5:48  Probe  
  56  5:51  Oracle  
  56  5:57  Gateway  
  59  5:58  Probe  
  59  6:00  Gateway  
  59  6:01  Probe  
  59  6:02  Robotics Facility  
  61  6:09  Pylon  
  61  6:29  Gateway  
  61  6:30  Gateway  
  61  6:32  Gateway, Probe x2  
  63  6:35  Forge  
  63  6:42  Templar Archives  
  63  6:44  Probe x2  
  65  6:51  Dark Templar  
  65  6:52  Dark Templar x3  
  73  6:56  Probe  
  74  7:15  Dark Templar x2  
  78  7:39  Pylon  
  78  7:42  Pylon  
  78  7:44  Pylon  
  78  7:51  Pylon  
  78  7:57  Probe x2  
  80  8:01  Pylon, Protoss Ground Weapons Level 2  
  80  8:04  Pylon, Dark Templar x2  
  80  8:05  Dark Templar  
  86  8:07  Zealot x3  
  86  8:08  Zealot x2  
  86  8:09  Probe  
  86  8:10  Zealot  
  99  8:13  Charge  
  99  8:16  Nexus  
  99  8:22  Pylon  
  99  8:23  Pylon  
  99  8:34  Protoss Shields Level 1  
  99  8:39  Dark Templar  
  101  8:43  Zealot x2  
  101  8:44  Zealot x2  
  109  8:50  Probe x2  
  111  8:57  Photon Cannon  
  111  9:02  Photon Cannon, Probe  
  112  9:06  Shield Battery  
  112  9:12  Photon Cannon  
  112  9:17  Pylon  
  112  9:34  Dark Templar x4  
  120  9:44  Observer  
  121  9:51  Probe x3  
  124  10:03  Probe x2  
  124  10:05  Observer  
  125  10:07  Dark Templar x2  
  125  10:13  Assimilator  
  129  10:17  Assimilator  
  129  10:27  Photon Cannon  
  129  10:28  Photon Cannon  
  129  10:30  Photon Cannon  
  129  10:32  Photon Cannon  
  129  10:33  Photon Cannon  
  129  10:44  Dark Templar x2  
  133  10:51  Phoenix  
  135  10:57  Protoss Ground Weapons Level 3  
  135  11:01  Zealot x3  
  135  11:02  Zealot x2  
  145  11:17  Dark Templar  
  145  11:18  Dark Templar x2  
  151  11:20  Zealot  
  153  11:35  High Templar x2  
  153  11:39  Protoss Ground Armor Level 1  
  157  11:59  Pylon  
  157  12:02  Pylon  
  157  12:06  Warp Prism  
  157  12:15  Pylon  
  157  12:16  Pylon  
  157  12:18  Pylon  
  157  12:33  Dark Templar x6  
  157  12:36  Phoenix, Zealot x3  
  176  12:59  Phoenix  
  178  13:07  High Templar x2  
  178  13:09  Zealot x3  
  178  13:10  Zealot x2  
  178  13:11  Zealot x2  
  196  13:15  Pylon  
  196  13:17  Pylon  
  196  13:46  Photon Cannon  
  193  13:49  Photon Cannon  
  193  13:51  Photon Cannon  
  193  13:54  Dark Templar x2  
  193  13:55  Dark Templar  
  196  14:13  Photon Cannon x2  
  196  14:14  Photon Cannon  
  196  14:15  Photon Cannon  
  196  14:16  Photon Cannon  
  195  14:21  Photon Cannon  
  183  14:48  Archon x3  
  183  14:49  Archon x3  
  164  14:54  Psionic Storm  
  126  15:00  Dark Templar x4  
  126  15:01  Dark Templar x4  
  126  15:02  Dark Templar  
  92  15:35  Dark Templar x3  
  98  15:38  Zealot x2  
  98  15:39  Zealot x4  
  98  15:42  Archon x5  
  100  15:43  Archon  
  100  15:52  Nexus  
  100  15:56  Observer  
  101  16:14  Pylon  
  101  16:16  Pylon  
  99  16:25  High Templar x2  
  90  16:46  Phoenix  
  81  17:01  Dark Templar  
  72  17:17  Probe  
  73  17:25  Probe  
  73  17:29  Dark Templar  
  70  17:35  Probe  
  68  17:47  Probe  
  68  17:50  High Templar  
  67  17:53  Zealot  
  67  17:54  Zealot x3  
  75  17:59  Probe  
  76  18:28  Assimilator  
  76  18:42  Assimilator  
  76  18:43  Probe  
  77  18:55  Probe  
  78  18:58  Nexus  
  78  19:07  Probe  
  79  19:12  Phoenix  
  79  19:29  Observer  
  80  19:35  Phoenix  
  78  20:14  Pylon  
  78  20:16  Pylon, Nexus  
  78  20:19  Pylon  
  76  20:23  High Templar x2  
  76  20:24  High Templar  
  76  20:25  Zealot  
  82  20:33  Assimilator  
  76  20:36  Assimilator  
  62  21:09  Zealot x2  
  62  21:21  Pylon  
  62  21:22  Probe  
  62  21:24  Pylon  
  61  21:26  Pylon  
  61  21:29  Pylon  
  61  21:31  Stargate  
  61  21:34  Probe  
  61  21:36  Gateway  
  61  21:37  Gateway  
  62  21:40  Gateway  
  62  21:42  Gateway  
  62  21:44  Gateway  
  62  21:46  Probe  
  55  22:01  Stalker  
  55  22:02  Stalker  
  60  22:15  Probe, Nexus  
  60  22:19  Void Ray  
  62  22:26  Stargate  
  62  22:27  Stargate, Probe  
  63  22:32  Zealot  
  65  22:39  Assimilator  
  65  22:42  Assimilator  
  65  22:45  Pylon  
  65  22:47  Pylon, Zealot x2  
  65  22:48  Zealot x3  
  73  22:54  Void Ray  
  73  22:55  Probe  
  73  23:03  Probe, Assimilator  
  71  23:05  Assimilator  
  64  23:13  Void Ray  
  64  23:16  Void Ray  
  67  23:21  Probe  
  72  23:28  Void Ray  
  76  23:55  Zealot x3  
  76  23:56  Zealot x2  
  76  23:59  Probe  
  87  24:13  Void Ray  
  79  24:34  Void Ray  
  72  24:49  Cybernetics Core, Zealot x3  
  68  24:58  Void Ray  
  57  25:10  Void Ray  
  65  25:39  Void Ray  
  50  26:24  Nexus  
  50  26:29  Pylon  
  50  26:38  Probe  
  34  28:35  Pylon  
  26  28:53  Probe  
  15  29:01  Probe  
  15  29:09  Probe  
Tags
 
Add a new tag
Caveats
  • Supply blocks, unpowered buildings, or Contaminate may cause inaccurate times.
  • Supply counts are checked every 10 seconds.